 Dungeon Crawl Stone Soup version 0.30.0-29-ga12c61a403 (webtiles) character file.

Game seed: 15953650397514622309

31510 monsoonserge the Blocker (level 14, -1/118 HPs)
             Began as a Meteoran Gladiator on June 22, 2023.
             Was a High Priest of Qazlal.
             Splashed by an acid blob's acid (6 damage)
             ... on level 5 of the Lair of Beasts.
             The game lasted 00:47:46 (5655 turns).

monsoonserge the Blocker (Meteoran Gladiator)       Turns: 5655, Time: 00:47:48

Health: -1/118     AC: 25    Str: 19    XL:     14   Next: 29%
Magic:  10/20      EV: 14    Int:  9    God:    Qazlal [*****.]
Gold:   664        SH: 20    Dex: 22    Spells: 13/13 levels left

rFire   . . .        P - +7 spear (freeze)
rCold   . . .        Q - +0 kite shield
rNeg    + . .        N - +6 plate armour "Zaerunta" {Str+4}
rPois   +            c - +0 helmet
rElec   .            l - +2 ratskin cloak {*Rats rPois rN+ Str-1 Int-1 Dex+1}
rCorr   .            (no gloves)
SInv    .            a - +2 pair of boots
Will    +....        s - amulet of faith Stlth
                     r - ring of poison resistance
HPRegen 0.39/turn    B - +5 ring of evasion
MPRegen 0.17/turn

%: repel missiles, faith
@: corroded, glowing
A: sense surroundings 2, otherworldly, glowing, explore regen
a: Renounce Religion, Upheaval, Elemental Force, Disaster Area


You were on level 5 of the Lair of Beasts.
You worshipped Qazlal.
Qazlal was extremely pleased with you.
You visited 4 branches of the dungeon, and saw 15 of its levels.

You collected 697 gold pieces.
You spent 33 gold pieces at shops.

Inventory:

Hand Weapons
 b - a +0 sling
 P - a +7 spear of freezing (weapon)
Missiles
 d - 2 throwing nets
 e - a javelin
 q - 3 boomerangs (quivered)
 u - 4 atropa-tipped darts
 w - 19 poisoned darts
Armour
 a - a +2 pair of boots (worn)
 c - a +0 helmet (worn)
 l - the +2 ratskin cloak (worn) {*Rats rPois rN+ Str-1 Int-1 Dex+1}
   (You found it on level 8 of the Dungeon)

   *Rats:     When the wearer is hurt, rats may emerge from it to assist them.
   Str:       It affects your strength (-1).
   Int:       It affects your intelligence (-1).
   Dex:       It affects your dexterity (+1).
   rPois:     It protects you from poison.
   rN:        It protects you from negative energy.
 K - +0 ice dragon scales
 N - the +6 plate armour "Zaerunta" (worn) {Str+4}
   (You found it on level 6 of the Dungeon)

   Str:       It affects your strength (+4).
 Q - a +0 kite shield (worn)
Jewellery
 f - an amulet of guardian spirit
 r - a ring of poison resistance (left hand)
 s - an amulet of faith (around neck)
 B - a +5 ring of evasion (right hand)
Wands
 v - a wand of flame (25)
 D - a wand of iceblast (22)
 L - a wand of mindburst (16)
 R - a wand of quicksilver (7)
Scrolls
 h - 3 scrolls of fog
 i - 2 scrolls of brand weapon {unknown}
 j - 2 scrolls of immolation {unknown}
 k - 2 scrolls of poison {unknown}
 m - a scroll of enchant armour {unknown}
 n - 3 scrolls of blinking
 p - 3 scrolls of identify
 x - 2 scrolls of enchant weapon {unknown}
 y - 2 scrolls of magic mapping {unknown}
 z - a scroll of summoning {unknown}
 G - a scroll of noise {unknown}
 I - 2 scrolls of amnesia {unknown}
 M - a scroll of silence {unknown}
 O - 3 scrolls of teleportation
Potions
 g - 8 potions of curing
 o - 5 potions of lignification
 t - a potion of berserk rage {unknown}
 A - 2 potions of flight {unknown}
 C - 5 potions of haste
 E - 2 potions of attraction {unknown}
 F - a potion of mutation {unknown}
 H - 5 potions of heal wounds
 J - a potion of ambrosia
 S - a potion of resistance {unknown}
 T - a potion of might {unknown}
 U - a potion of brilliance {unknown}


   Skills:
 + Level 9.2 Fighting
 - Level 5.7(6.5) Short Blades
 - Level 5.3(6.7) Long Blades
 + Level 13.1 Polearms
 + Level 2.2 Ranged Weapons
 + Level 6.0 Throwing
 + Level 10.7 Armour
 + Level 7.6 Dodging
 + Level 13.2 Shields
 + Level 7.7 Invocations
 - Level 2.0 Evocations


You had 13 spell levels left.
You didn't know any spells.
Your spell library contained the following spells:

 Spells                   Type           Power      Damage    Failure   Level
 Kiss of Death            Conj/Necr      0%         2d5       100%        1
 Cigotuvi's Dreadful Rot  Necr/Pois/Air  0%         N/A       100%        2
 Confusing Touch          Hex            0%         N/A       100%        3
 Ignite Poison            Fire/Tmut/Pois 0%         N/A       100%        3
 Ozocubu's Armour         Ice            0%         N/A       100%        3
 Dispel Undead            Necr           0%         3d6       100%        4
 Leda's Liquefaction      Hex/Erth       0%         N/A       100%        4
 Summon Ice Beast         Ice/Summ       0%         N/A       100%        4
 Freezing Cloud           Conj/Ice/Air   0%         6-21      100%        5
 Lee's Rapid Deconstruct  Erth           0%         3d4*      100%        5
 Summon Mana Viper        Hex/Summ       0%         N/A       100%        5
 Statue Form              Tmut/Erth      0%         N/A       100%        6
 Monstrous Menagerie      Summ           0%         N/A       100%        7
 Ozocubu's Refrigeration  Ice            0%         4d7       100%        7


Dungeon Overview and Level Annotations

Branches:
Dungeon (8/15) Zot: 1293   Temple (1/1) D:7 Zot: 585    Lair (5/5) D:8 Zot: 1176
  Swamp (0/4) Lair:3       Spider (0/4) Lair:2        Slime (1/5) Lair:5 Zot: 591

Altars:
Ashenzari
Cheibriados
Dithmenos
Fedhas
Hepliaklqana
Kikubaaqudgha
Makhleb
Nemelex Xobeh
Okawaru
Qazlal
Ru
Vehumet
Wu Jian
Yredelemnul
Zin
Jiyva

Shops:
D:4 *

Annotations:
D:6 2 transporters, turdburglar's ghost, weakling VSFi
Lair:5 1 transporter


Innate Abilities, Weirdness & Mutations

You passively map the area around you.
You are easily found by Zot.
You glow in the dark.
You regain HP and MP as you explore.


Message History

Reach: P) +7 spear (freeze)
Press: ? - help, Dir - move target, f - cane toad
Aim: a cane toad (about 21% to evade your +7 spear of freezing)
You reach to attack!
You barely miss the cane toad.
You are no longer corroded.
The acid blob hits you but does no damage.
Your hell rat bites the acid blob!
Your hell rat is burned by acid!
You puncture the cane toad! You freeze the cane toad.
The cane toad is moderately wounded.
Your hell rat bites the acid blob!
Your hell rat is burned by acid!
The acid blob spits acid at you.
The splash of acid hits you but does no damage.
Your hell rat bites the acid blob!
Your hell rat is burned by acid!
You block the cane toad's attack.
You puncture the cane toad! You freeze the cane toad.
The cane toad is heavily wounded.
Your hell rat bites the acid blob!
Your hell rat is burned by acid!
The acid blob spits acid at you. The splash of acid hits you!!
* * * LOW HITPOINT WARNING * * *
The acid corrodes you!
You hit the cane toad. You freeze the cane toad.
The cane toad is heavily wounded.
Your hell rat completely misses the acid blob.
The cane toad stings you but does no damage.
Your hell rat bites the acid blob.
Your hell rat is burned by acid!
Unknown command.
You strike the helpless acid blob from behind!
You hit the acid blob. You freeze the acid blob.
Your hands burn!
* * * LOW HITPOINT WARNING * * *
The acid blob is severely wounded.
The acid blob hits you!!
* * * LOW HITPOINT WARNING * * *
The acid corrodes you!
You are splashed with acid.
You die...

, , , , , * ,.#
, , ,, *..# *
,, * ..## , ,
#..### * * * *
...#.# ** * , *
*#.○.# ,
######F°.# ,
#..rJ@°.# ##
*#.>r##.§# #..
#...##..# ,
##.#######.##
,,
###.#.#####..#
*,
#.#..#......##
.,
.#....#...##.#
#..
,...........###
...
,..P.......##


You could see an acid blob (ally target), a cane toad and 2 friendly hell rats.

Vanquished Creatures
  A hydra (Lair:2)
  A catoblepas (Lair:5)
  13 death yaks
  2 bog bodies (Lair:3)
  5 elephants
  Maurice (D:8)
  5 black mambas
  7 cane toads
  A rime drake (D:8)
  7 komodo dragons
  A polar bear (Lair:4)
  A hornet (D:7)
  4 blink frogs (Lair:3)
  A spriggan (Lair:5)
  3 wyverns
  25 yaks
  A basilisk (Lair:4)
  A steam dragon (D:6)
  Menkaure (D:6)
  13 water moccasins
  2 sky beasts
  8 ice beasts
  5 black bears
  2 ogres
  2 centaurs (D:8)
  36 wolves
  A bullfrog (Lair:3)
  A gnoll sergeant (D:6)
  2 scorpions
  3 wights (D:8)
  6 killer bees (D:8)
  5 howler monkeys
  3 jellies
  A hound (D:5)
  2 orc priests
  2 iguanas
  Jessica (D:2)
  Ijyb (D:4)
  5 orc wizards
  2 sleepcaps
  3 gnolls (D:6)
  6 adders
  An ufetubus (D:5)
  A worm (D:5)
  A dart slug (D:3)
  16 orcs
  10 ball pythons
  2 bats
  7 endoplasms
  3 giant cockroaches
  5 goblins
  5 hobgoblins
  6 jackals
  2 quokkas
  A frilled lizard (D:1)
  4 kobolds
  6 rats
  2 rat zombies (D:3)
265 creatures vanquished.

Vanquished Creatures (collateral kills)
  A quicksilver ooze (Lair:5)
  An elephant (Lair:4)
  A yak (Lair:4)
3 creatures vanquished.

Grand Total: 268 creatures vanquished

Notes
Turn   | Place    | Note
-------+----------+-------------------------------------------
     0 | D:1      | monsoonserge the Meteoran Gladiator began the quest for the
                  | Orb.
     0 | D:1      | Reached XP level 1. HP: 17/17 MP: 2/2
    72 | D:1      | Reached XP level 2. HP: 24/24 MP: 3/3
   280 | D:1      | Reached XP level 3. HP: 29/29 MP: 4/4
   593 | D:2      | Noticed Jessica
   602 | D:2      | Killed Jessica
   603 | D:2      | Reached XP level 4. HP: 11/37 MP: 5/5
   708 | D:3      | You fall into a shaft and drop 1 floor!
   721 | D:4      | Noticed a black bear
   731 | D:4      | Killed a black bear
   732 | D:4      | Reached skill level 5 in Long Blades
   732 | D:4      | Reached skill level 1 in Ranged Weapons
   732 | D:4      | Reached skill level 1 in Armour
   732 | D:4      | Reached XP level 5. HP: 42/42 MP: 6/6
   769 | D:4      | Found Liulety's Luxury Loot.
   778 | D:4      | Bought a potion of lignification for 33 gold pieces
   991 | D:3      | Found an ancient bone altar of Kikubaaqudgha.
  1132 | D:3      | Reached XP level 6. HP: 50/50 MP: 7/7
  1296 | D:4      | Noticed Ijyb
  1311 | D:4      | Killed Ijyb
  1342 | D:4      | Found a sacrificial altar of Ru.
  1350 | D:4      | Became a worshipper of Ru the Awakened
  1435 | D:4      | Reached skill level 1 in Short Blades
  1532 | D:4      | Reached XP level 7. HP: 18/57 MP: 8/8
  1553 | D:5      | Entered Level 5 of the Dungeon
  1693 | D:5      | Reached skill level 5 in Dodging
  1765 | D:5      | Reached XP level 8. HP: 58/63 MP: 9/9
  1853 | D:5      | Found a stormy altar of Qazlal.
  1858 | D:5      | Fell from the grace of Ru
  1858 | D:5      | Became a worshipper of Qazlal Stormbringer
  1924 | D:5      | Noticed a torpor snail
  1926 | D:5      | Found a snail-covered altar of Cheibriados.
  1926 | D:5      | Noticed a torpor snail
  1928 | D:5      | Noticed a torpor snail
  1950 | D:6      | Noticed a steam dragon
  1963 | D:6      | Killed a steam dragon
  1964 | D:6      | Reached skill level 5 in Armour
  2063 | D:6      | Identified the +6 plate armour "Zaerunta" {Str+4}
  2083 | D:6      | Found a basalt altar of Yredelemnul.
  2120 | D:6      | Reached skill level 5 in Short Blades
  2157 | D:6      | Gained mutation: You passively map the area around you.
                  | [Meteoran growth]
  2157 | D:6      | Reached XP level 9. HP: 62/71 MP: 10/10
  2166 | D:6      | Found a broken altar of Ashenzari.
  2235 | D:6      | Noticed Menkaure
  2239 | D:6      | Killed Menkaure
  2249 | D:6      | Noticed a queen bee
  2253 | D:6      | Noticed turdburglar's ghost (weakling VSFi)
  2349 | D:6      | Found an iron altar of Okawaru.
  2488 | D:6      | Found a transporter.
  2492 | D:6      | Found a transporter.
  2623 | D:7      | Noticed a hornet
  2634 | D:7      | Killed a hornet
  2635 | D:7      | Reached skill level 5 in Throwing
  2678 | D:7      | Found a staircase to the Ecumenical Temple.
  2684 | Temple   | Entered the Ecumenical Temple
  2719 | D:7      | Reached * piety under Qazlal
  2795 | D:7      | Reached skill level 1 in Shields
  2804 | D:7      | Reached skill level 1 in Polearms
  2817 | D:7      | Found a glowing silver altar of Zin.
  2883 | D:7      | Reached XP level 10. HP: 80/80 MP: 11/11
  2994 | D:8      | Found the +2 ratskin cloak {*Rats rPois rN+ Str-1 Int-1
                  | Dex+1}
  3091 | D:8      | Noticed a rime drake
  3141 | D:8      | Killed a rime drake
  3142 | D:8      | Reached skill level 5 in Fighting
  3153 | D:8      | Found a staircase to the Lair.
  3156 | D:8      | Reached skill level 5 in Polearms
  3197 | D:8      | Noticed Maurice
  3209 | D:8      | Killed Maurice
  3396 | D:8      | Reached ** piety under Qazlal
  3455 | D:8      | Reached XP level 11. HP: 87/88 MP: 12/12
  3470 | D:8      | Reached skill level 5 in Shields
  3470 | D:8      | Reached skill level 1 in Invocations
  3485 | D:8      | Found an ornate altar of the Wu Jian Council.
  3582 | Lair:1   | Entered Level 1 of the Lair of Beasts
  3857 | Lair:2   | Noticed a death yak
  3867 | Lair:2   | Noticed a death yak
  3872 | Lair:2   | Killed a death yak
  3878 | Lair:2   | Noticed a black mamba
  3881 | Lair:2   | Noticed a death yak
  3882 | Lair:2   | Killed a death yak
  3883 | Lair:2   | Noticed a death yak
  3899 | Lair:1   | Killed a black mamba
  3908 | Lair:1   | Killed a death yak
  3909 | Lair:1   | Reached skill level 5 in Invocations
  3910 | Lair:2   | Noticed a death yak
  3910 | Lair:2   | Noticed a death yak
  3925 | Lair:1   | Reached XP level 12. HP: 68/97 MP: 12/16
  3933 | Lair:1   | Killed a death yak
  3938 | Lair:1   | Reached skill level 10 in Polearms
  4086 | Lair:2   | Reached *** piety under Qazlal
  4316 | Lair:2   | Found a hole to the Spider Nest.
  4317 | Lair:2   | Noticed a five-headed hydra
  4333 | Lair:2   | Killed a five-headed hydra
  4343 | Lair:2   | Reached skill level 10 in Shields
  4362 | Lair:2   | Noticed a death yak
  4375 | Lair:2   | Killed a death yak
  4381 | Lair:2   | Killed a death yak
  4395 | Lair:2   | Killed a death yak
  4396 | Lair:2   | Reached XP level 13. HP: 58/106 MP: 19/19
  4484 | Lair:3   | Reached **** piety under Qazlal
  4559 | Lair:3   | Reached skill level 1 in Evocations
  4794 | Lair:3   | Found a staircase to the Swamp.
  5009 | Lair:4   | Noticed a death yak
  5010 | Lair:4   | Noticed a death yak
  5011 | Lair:4   | Noticed a death yak
  5012 | Lair:4   | Noticed a death yak
  5012 | Lair:4   | Noticed a death yak
  5015 | Lair:4   | Noticed a death yak
  5037 | Lair:3   | Killed a death yak
  5058 | Lair:3   | Killed a death yak
  5059 | Lair:3   | Reached skill level 10 in Armour
  5071 | Lair:3   | Killed a death yak
  5083 | Lair:3   | Killed a death yak
  5224 | Lair:4   | Killed a death yak
  5229 | Lair:4   | Killed a death yak
  5319 | Lair:4   | You fall into a shaft and drop 1 floor!
  5319 | Lair:5   | Entered Level 5 of the Lair of Beasts
  5395 | Lair:4   | Reached XP level 14. HP: 79/116 MP: 20/20
  5401 | Lair:4   | Reached ***** piety under Qazlal
  5556 | Lair:5   | Found a transporter.
  5623 | Lair:5   | Found a viscous altar of Jiyva.
  5624 | Lair:5   | Found a staircase to the Slime Pits.
  5629 | Slime:1  | Entered Level 1 of the Pits of Slime
  5629 | Slime:1  | Noticed an acid blob
  5631 | Slime:1  | Noticed a quicksilver ooze
  5635 | Slime:1  | Noticed an azure jelly
  5636 | Slime:1  | Noticed an acid blob
  5649 | Lair:5   | Killed a quicksilver ooze
  5655 | Lair:5   | HP: 5/118 [acid blob (19)]
  5655 | Lair:5   | Splashed by an acid blob's acid

Illustrated notes

Levels and vault maps discovered:
D:1:      denvon_arrival_waterhouse, layout_loops_ring
D:2:      layout_loops_ring, minmay_stone_trees_small, patterned_corridor,
          uniq_natasha, uniq_crazy_yiuf_cottage, uniq_jessica
D:3:      minmay_spotlight, layout_loops_ring,
          lemuel_zombie_altar_kikubaaqudgha, minivault_14
D:4:      layout_cave_pools, nicolae_ru_path_of_blood, hex_tiny,
          nicolae_alphabet_shops, st_stairs_6, uniq_ijyb
D:5:      layout_rooms, cheibriados_altar_2, marbit_many_paths
D:6:      layout_loops_corners, mainiacjoe_overflow_brackets,
          cheibrodos_ashenzari_chains, general_overflow_altar,
          gammafunk_ghost_hive, serial_bayou_pond_e, minivault_24,
          nicolae_shop_vocational, uniq_menkaure
D:7:      layout_rooms, zin_treasury, minmay_temple_entry_enclosed_plants
D:8:      layout_gridville, nicolae_overflow_hidden_temple,
          hellmonk_lair_entry_icy, uniq_maurice
Temple:   nicolae_temple_ecumenical_triangle
Lair:1:   layout_cave_pods, infiniplex_staircase_pool
Lair:2:   layout_roguey, spider_nest_entry_web_field, gauntlet_entry_generic,
          grunt_forest_large_clearings
Lair:3:   layout_chaotic_city, skrybe_swamp_entry_bodies
Lair:4:   layout_gridlike
Lair:5:   minmay_lair_end_enchanted_forest, layout_loops_ring,
          dpeg_slime_entry_enclosed, gammafunk_ghost_berserking_beasts,
          grunt_megastairs_3
Slime:1:  layout_caves, cheibrodos_slime_lost_civilization_4

Skill      XL: |  1  2  3  4  5  6  7  8  9 10 11 12 13 14 |
---------------+-------------------------------------------+-----
Long Blades    | 4 5 |  5.3
Dodging        | 4 5 6 7 |  7.6
Ranged Weapons | 1 2 |  2.2
Armour         | 1 2 3 5 7 8 9 10 | 10.7
Fighting       | 3 4 5 6 7 8 9 |  9.2
Short Blades   | 2 3 5 |  5.7
Throwing       | 3 5 6 |  6.0
Shields        | 1 4 7 10 12 13 | 13.2
Polearms       | 1 7 9 11 12 13 | 13.1
Invocations    | 5 7 |  7.7
Evocations     | 2 |  2.0

Action                     |  1- 3 |  4- 6 |  7- 9 | 10-12 | 13-15 || total
---------------------------+-------+-------+-------+-------+-------++-------
  Melee: Long sword        |    60 |       |       |       |       ||    60
         Dagger            |       |   141 |   198 |       |       ||   339
         Punch             |       |     4 |     3 |       |       ||     7
         Spear             |       |       |    43 |   535 |   403 ||   981
   Fire: Sling             |    11 |    13 |       |       |       ||    24
  Throw: Boomerang         |     1 |       |    10 |     3 |     8 ||    22
         Throwing net      |       |     1 |       |       |       ||     1
         Dart              |       |       |    12 |     2 |       ||    14
 Invoke: Upheaval          |       |       |       |     3 |     2 ||     5
    Use: Scroll            |       |       |     5 |       |     2 ||     7
         Potion            |       |       |       |       |     1 ||     1
   Stab: Held in net/web   |       |     1 |       |     6 |       ||     7
         Distracted        |       |       |       |     3 |     1 ||     4
 Armour: Leather armour    |    20 |    20 |       |       |       ||    40
         Scale mail        |       |    26 |    33 |       |       ||    59
         Ring mail         |       |     6 |       |       |       ||     6
         Plate armour      |       |       |    42 |   158 |   152 ||   352
  Dodge: Dodged            |    49 |   105 |   105 |   139 |   101 ||   499
  Block: Kite shield       |       |       |    29 |   339 |   284 ||   652
